 Dungeon Crawl Stone Soup version 0.29.1-1-gd02db6906a (webtiles) character file.

Game seed: 970402427209423755

541 H0rd4k the Insei (level 7, -2/43 HPs)
             Began as an Octopode Transmuter on Oct 20, 2022.
             Killed from afar by an orc wizard (11 damage)
             ... with a magic dart
             ... on level 4 of the Dungeon.
             The game lasted 00:04:35 (3824 turns).

H0rd4k the Insei (Octopode Transmuter)              Turns: 3824, Time: 00:04:36

Health: -2/43      AC:  1    Str:  9    XL:     7   Next: 26%
Magic:  10/11      EV: 13    Int: 17    God:
Gold:   155        SH:  0    Dex: 13    Spells: 8/12 levels left

rFire   . . .      SeeInvis .     - Unarmed
rCold   . . .      Faith    .   (no shield)
rNeg    . . .      Spirit   .   (helmet restricted)
rPois   .          Reflect  .   (no amulet)
rElec   .          Harm     .   (no ring)
rCorr   .          Rampage  .   (no ring)
Will    .....                   (no ring)
Stlth   ++++......              (no ring)
HPRegen 0.14/turn               (no ring)
MPRegen 0.12/turn               (no ring)
                                (no ring)
                                (no ring)

@: no status effects
A: almost no armour, amphibious, 8 rings, camouflage 1, gelatinous body 1,
(nimble swimmer 1), tentacles
a: no special abilities


You were on level 4 of the Dungeon.
You visited 2 branches of the dungeon, and saw 5 of its levels.
You also visited: Ossuary.

You collected 155 gold pieces.

Inventory:

Magical Staves
 o - a staff of cold
Scrolls
 b - a scroll of noise {unknown}
 c - a scroll of butterflies {unknown}
 d - 2 scrolls of teleportation {unknown}
 e - 2 scrolls of amnesia {unknown}
 f - a scroll of summoning {unknown}
 i - 2 scrolls of fear {unknown}
 m - 2 scrolls of silence {unknown}
 n - a scroll of poison {unknown}
 p - 2 scrolls of immolation {unknown}
 r - 2 scrolls of enchant armour {unknown}
 t - 2 scrolls of identify
Potions
 a - 2 potions of lignification
 g - 3 potions of curing
 h - 3 potions of flight {unknown}
 j - 2 potions of might {unknown}
 k - a potion of heal wounds {unknown}
 l - 2 potions of degeneration {unknown}
 q - 4 potions of ambrosia {unknown}
 s - a potion of attraction


   Skills:
 + Level 1.4 Fighting
 + Level 3.0 Dodging
 + Level 4.3 Stealth
 + Level 5.4 Unarmed Combat
 * Level 3.0 Spellcasting
 * Level 2.0 Hexes
 * Level 3.1 Transmutations


You had 8 spell levels left.
You knew the following spells:

 Your Spells              Type           Power      Damage    Failure   Level
a - Beastly Appendage     Tmut           26%        N/A       4%          1
b - Confusing Touch       Hex            9%         N/A       22%         3

Your spell library contained the following spells:

 Spells                   Type           Power      Damage    Failure   Level
 Slow                     Hex            36%        N/A       8%          1
 Wereblood                Tmut           13%        N/A       8%          2
 Ensorcelled Hibernation  Hex/Ice        10%        N/A       17%         2
 Spider Form              Tmut/Pois      7%         N/A       28%         3
 Vampiric Draining        Necr           2%         2d6       45%         3
 Ice Form                 Ice/Tmut       7%         N/A       67%         4
 Anguish                  Hex/Necr       2%         N/A       75%         4


Dungeon Overview and Level Annotations

Branches:
Dungeon (4/15)             Temple (1/1) D:4         Ossuary (visited)

Altars:
Ashenzari
Cheibriados
Elyvilon
Fedhas
Hepliaklqana
Kikubaaqudgha
Nemelex Xobeh
Okawaru
Qazlal
Ru
Sif Muna
Trog
Uskayaw
Vehumet
Wu Jian
Yredelemnul
The Shining One

Annotations:
D:2 exclusion: downstairs
D:3 exclusions: downstairs and steam dragon


Innate Abilities, Weirdness & Mutations

You cannot wear most types of armour.
You are amphibious.
You can wear up to eight rings at the same time.
Your skin changes colour to match your surroundings (Stealth+).
Your rubbery body absorbs attacks. (AC +1, EV +1)
((You are camouflaged when in or above water. (Stealth+)))
You have tentacles for arms and can constrict up to eight enemies at once.


Message History

Your transformation is almost over.
Something completely misses you.
Items here: )))) [ †.
You miss something. You tentacle-slap something.
Something hits you but does no damage.
There is a strange disturbance nearby!
You barely miss something. You squeeze something. You barely miss something.
You pierce something.
Your squeeze misses something.
You hear some strange, mumbled words.
You are confused.
You closely miss something.
Your tentacle spike misses something.
You hear some strange, mumbled words.
A magic dart appears from out of thin air!
The magic dart hits you! Something barely misses you.
You bump into the rock wall.
Something hits you.
You bump into the rock wall.
Something hits you.
You hear some strange, mumbled words.
You are more confused.
You bump into the rock wall.
Your tentacle spike disappears.
You're too confused to move!
Something hits you. Something hits you.
You tentacle-slap something but do no damage.
Something hits you.
You feel less confused.
You hear some strange, mumbled words.
A magic dart appears from out of thin air!
The magic dart hits you.
* * * LOW HITPOINT WARNING * * *
You hear some strange, mumbled words.
Something tries to affect you, but you resist.
You barely miss something. Something hits you.
* * * LOW HITPOINT WARNING * * *
You barely miss something. Something barely misses you.
You barely miss something.
You hear some strange, mumbled words.
A magic dart appears from out of thin air!
The magic dart hits you!
You die...

#....†..............#..#
.....##..................(#
...#......................
.....###...........#......
.... #....##...###.#.... ..
#....##)#.# ...#.. .
###.#.###.#.## ...#..
........{....# #..
#.......@.#..## #...
.........#....#.#..
#..........>....#...
#.......)....##.....
..##......#..##..... #.#
####.#....#...... #..#
##............[
##..######............#.
#..#.......###..........


There were no monsters in sight!

Vanquished Creatures
  A wraith (Ossuary)
  A phantom (D:3)
  A necrophage (D:3)
  An orc priest (D:4)
  Jessica (D:2)
  Natasha (twice) (D:2)
  An orc wizard (D:4)
  A mummy (Ossuary)
  5 adders
  4 orcs
  4 ball pythons (D:3)
  5 endoplasms
  2 giant cockroaches
  A gnoll zombie (D:4)
  4 goblins
  7 hobgoblins
  7 kobolds
  2 quokkas
  A bat (D:1)
  A frilled lizard (D:2)
  3 gnoll skeletons (Ossuary)
  A jackal zombie (D:4)
  9 kobold skeletons (Ossuary)
  A kobold zombie (D:4)
  13 orc skeletons (Ossuary)
  3 rats (D:3)
  A butterfly (D:4)
83 creatures vanquished.

Notes
Turn   | Place    | Note
-------+----------+-------------------------------------------
     0 | D:1      | H0rd4k the Octopode Transmuter began the quest for the Orb.
     0 | D:1      | Reached XP level 1. HP: 13/13 MP: 3/3
     7 | D:1      | Noticed a scorpion
     7 | D:1      | Noticed a rime drake
     7 | D:1      | Noticed a salamander
     9 | D:1      | Noticed a swamp worm
     9 | D:1      | Noticed a black bear
   246 | D:1      | Reached XP level 2. HP: 16/18 MP: 5/5
   303 | D:1      | Found a faded altar of an unknown god.
   626 | D:2      | Noticed Natasha
   632 | D:2      | Killed Natasha
   633 | D:2      | Reached skill level 1 in Stealth
   633 | D:2      | Reached XP level 3. HP: 16/23 MP: 6/6
  1071 | D:2      | Reached skill level 4 in Unarmed Combat
  1155 | D:2      | Reached XP level 4. HP: 17/28 MP: 5/7
  1160 | D:2      | Learned a level 3 spell: Confusing Touch
  1374 | D:2      | Noticed Jessica
  1380 | D:2      | Killed Jessica
  1437 | D:2      | Noticed Natasha
  1449 | D:2      | Killed Natasha
  1799 | D:3      | Noticed a steam dragon
  1837 | D:3      | Noticed a phantom
  1843 | D:3      | Found an iron altar of Okawaru.
  1844 | D:3      | Found a hazy altar of Hepliaklqana.
  1844 | D:3      | Found a hide-covered altar of Uskayaw.
  1850 | D:3      | Killed a phantom
  1851 | D:3      | Reached XP level 5. HP: 33/33 MP: 8/8
  2018 | D:3      | Reached skill level 1 in Hexes
  2192 | D:3      | Identified the +6 scale mail "Jusowe" {rC+ Will- Dex+5}
  2267 | D:3      | Found a radiant altar of Vehumet.
  2351 | D:3      | Reached XP level 6. HP: 37/38 MP: 7/9
  2991 | D:3      | You fall into a shaft and drop 1 floor!
  2992 | D:4      | Found an ornate altar of the Wu Jian Council.
  3077 | D:4      | Found a staircase to the Ecumenical Temple.
  3088 | Temple   | Entered the Ecumenical Temple
  3122 | D:4      | Found a sand-covered staircase.
  3141 | Ossuary  | Entered an ossuary
  3141 | Ossuary  | Noticed a wraith
  3141 | Ossuary  | Noticed a wraith
  3141 | Ossuary  | Noticed a wraith
  3217 | Ossuary  | Reached skill level 5 in Unarmed Combat
  3260 | Ossuary  | Noticed a wraith
  3295 | Ossuary  | Killed a wraith
  3296 | Ossuary  | Reached XP level 7. HP: 38/43 MP: 11/11
  3824 | D:4      | Killed from afar by an orc wizard

Illustrated notes

Levels and vault maps discovered:
D:1:      onia_arrival_zoo_common, layout_basic, basic_ecumenical_altar
D:2:      layout_basic, minmay_heptomino_h4, uniq_natasha, uniq_jessica
D:3:      layout_loops_corners, nicolae_overflow_quartered_altars,
          chequers_serial_rivers_large_a
D:4:      layout_rooms, pdpol_temple_overflow_zin_treasury_gozag_greed,
          nzn_wu_jian_contemplation, minmay_temple_entry_butterflies,
          enter_ossuary_3, minivault_26, kennysheep_cluttered_room
Temple:   nicolae_temple_ecumenical_triangle

Skill      XL: |  1  2  3  4  5  6  7 |
---------------+----------------------+-----
Stealth        | 1 3 4 |  4.3
Unarmed Combat | 4 5 |  5.4
Hexes          | 1 2 |  2.0
Spellcasting   | 3 |  3.0
Transmutations | 3 |  3.1
Dodging        | 3 |  3.0
Fighting       | |  1.4

Action                   |  1- 3 |  4- 6 |  7- 9 || total
-------------------------+-------+-------+-------++-------
Melee: Unarmed           |    34 |   110 |    50 ||   194
       Constrict         |     6 |    27 |    19 ||    52
       Tentacles         |     5 |    26 |     9 ||    40
       Kick              |     4 |    10 |     4 ||    18
       Punch             |       |     3 |     3 ||     6
 Cast: Beastly Appendage |     3 |     5 |     1 ||     9
       Confusing Touch   |       |       |     1 ||     1
  Use: Potion            |       |     5 |       ||     5
       Scroll            |       |     1 |       ||     1
 Stab: Sleeping          |     9 |     9 |     5 ||    23
Armor: Skin              |     1 |    17 |     5 ||    23
Dodge: Dodged            |    16 |    44 |    25 ||    85
